 Dungeon Crawl Stone Soup version 0.27-a0-681-g0c81a3c1c3 (webtiles) character file.

Game seed: 17751861178506783377

12014 Lanoc the Spear-Bearer (level 11, -1/60 HPs)
             Began as a Vine Stalker Abyssal Knight on Mar 19, 2021.
             Was a High Priest of Lugonu.
             Slain by a tengu warrior
             ... wielding a +0 dire flail
              (4 damage)
             ... on level 11 of the Dungeon.
             The game lasted 00:23:35 (11162 turns).

Lanoc the Spear-Bearer (VSAK)                      Turns: 11162, Time: 00:23:35

Health: -1/60      AC:  6    Str: 15    XL:     11   Next: 86%
Magic:  0/27       EV: 15    Int: 12    God:    Lugonu [*****.]
Gold:   572        SH:  5    Dex: 17    Spells: 10/10 levels left

rFire    + . .     SeeInvis .   x - +5 trident of the Pyrrhic Victory {flame, rElec rC+}
rCold    + . .     Faith    .   (no shield)
rNeg     . . .     Spirit   +   b - +1 leather armour
rPois    .         Reflect  +   G - +1 helmet
rElec    +         Harm     .   A - scarf {repulsion}
rCorr    .         Rampage  .   (no gloves)
Will     +....                  (no boots)
Stlth    +.........             h - amulet of reflection
HPRegen  1.20/turn              t - ring of magical power
MPRegen  0.20/turn              q - ring of protection from fire

@: repel missiles
A: fangs 3, regeneration 1, magic shield, antimagic bite, no potion heal 3
a: Renounce Religion, Depart the Abyss, Bend Space, Banish, Corrupt, Enter the
Abyss


You were on level 11 of the Dungeon.
You worshipped Lugonu.
Lugonu was extremely pleased with you.
You visited 2 branches of the dungeon, and saw 12 of its levels.
You visited the Abyss 1 time.

You collected 572 gold pieces.

Inventory:

Hand Weapons
 x - the +5 trident of the Pyrrhic Victory (weapon) {flame, rElec rC+}
   (You took it off an orc warrior on level 8 of the Dungeon)

   It has been specially enchanted to burn those struck by it, causing extra
   injury to most foes and up to half again as much damage against particularly
   susceptible opponents.
   It protects you from cold.
   It insulates you from electricity.
Missiles
 k - a throwing net
 l - 4 datura-tipped darts
Armour
 b - a +1 leather armour (worn)
 A - a scarf of repulsion (worn)
 C - the +3 plate armour of Shielding {+Inv rCorr}
   (You took it off an orc warrior on level 8 of the Dungeon)

   It lets you turn invisible.
   It provides partial protection from all sources of acid and corrosion.
 D - a +0 kite shield
 G - a +1 helmet (worn)
Jewellery
 h - an amulet of reflection (around neck)
 n - a +6 ring of intelligence
 q - a ring of protection from fire (left hand)
 t - a ring of magical power (right hand)
Wands
 g - a wand of flame (47)
 i - a wand of mindburst (11)
 u - a wand of digging (4)
 w - a wand of paralysis (8)
 B - a wand of iceblast (13)
 H - a wand of random effects (18)
Scrolls
 a - a scroll of enchant armour
 f - 2 scrolls of fear
 m - 2 scrolls of fog {unknown}
 o - a scroll of enchant weapon
 r - a scroll of magic mapping {unknown}
 s - a scroll of amnesia {unknown}
 y - a scroll of silence {unknown}
Potions
 c - 2 potions of brilliance
 d - a potion of berserk rage
 e - 5 potions of curing
 j - 2 potions of cancellation
 p - a potion of invisibility {unknown}
 v - a potion of resistance
 z - a potion of flight
 E - a potion of haste {unknown}
 F - a potion of lignification
 I - a potion of might


   Skills:
 + Level 8.2 Fighting
 * Level 10.9 Polearms
 - Level 1.5 Armour
 + Level 7.0 Dodging
 + Level 8.5 Invocations


You had 10 spell levels left.
You didn't know any spells.
Your spell library contained the following spells:

 Spells                   Type           Power      Damage    Failure   Level
 Animate Skeleton         Necr           0%         N/A       38%         1
 Apportation              Tloc           0%         N/A       38%         1
 Corona                   Hex            0%         N/A       38%         1
 Pain                     Necr           0%         1d4       38%         1
 Summon Small Mammal      Summ           0%         N/A       38%         1
 Confusing Touch          Hex            0%         N/A       77%         3
 Gell's Gravitas          Tloc           0%         N/A       77%         3
 Lesser Beckoning         Tloc           0%         N/A       77%         3
 Tukima's Dance           Hex            0%         N/A       77%         3
 Vampiric Draining        Necr           0%         2d6       77%         3
 Animate Dead             Necr           0%         N/A       99%         4
 Petrify                  Tmut/Erth      0%         N/A       99%         4
 Agony                    Necr           0%         N/A       100%        5
 Alistair's Intoxication  Tmut/Pois      0%         N/A       100%        5
 Metabolic Englaciation   Hex/Ice        0%         N/A       100%        5
 Yara's Violent Unravell  Hex/Tmut       0%         3d3       100%        5
 Invisibility             Hex            0%         N/A       100%        6


Dungeon Overview and Level Annotations

Branches:
Dungeon (11/15)            Temple (1/1) D:4            Lair (0/6) D:10
    Orc: D:9-12

Altars:
Ashenzari
Fedhas
Gozag
Kikubaaqudgha
Makhleb
Nemelex Xobeh
Okawaru
Xom
Yredelemnul
Zin
Beogh

Shops:
D:6 [

Annotations:
D:8 Gonzollydolly's ghost, novice HONe
D:9 3 runed translucent doors, p0werm0de's ghost, novice GrFi
D:10 exclusion: oklob plant
D:11 corrupted
Abyss:1 Maggie


Innate Abilities, Weirdness & Mutations

You have razor-sharp teeth.
Your natural rate of healing is unusually fast.
When hurt, damage is shared between your health and your magic reserves.
Your bite disrupts and absorbs the magic of your enemies.
Potions cannot restore your health.


Message History

You hit the tengu warrior but do no damage.
Your bite misses the tengu warrior.
The tengu warrior is moderately wounded.
You block the tengu warrior's attack.
The tengu warrior pecks you but does no damage.
The tengu warrior claws you.
You hit the tengu warrior. You burn the tengu warrior.
The tengu warrior is moderately wounded.
You hit the tengu warrior. You burn the tengu warrior.
Your bite misses the tengu warrior.
The tengu warrior is heavily wounded.
You block the tengu warrior's attack. x2; The tengu warrior claws you.
You hit the tengu warrior. You burn the tengu warrior.
Your bite misses the tengu warrior.
The tengu warrior is heavily wounded.
The tengu warrior hits you with a +0 dire flail!
The tengu warrior pecks you. The tengu warrior claws you.
You are too injured to fight recklessly!
You miss the tengu warrior. Your bite misses the tengu warrior.
The tengu warrior is heavily wounded.
The tengu warrior hits you with a +0 dire flail!
The tengu warrior pecks you. The tengu warrior closely misses you.
You fail to use your ability.
The tengu warrior misses you. The tengu warrior pecks you.
* * * LOW HITPOINT WARNING * * *
The tengu warrior claws you.
* * * LOW HITPOINT WARNING * * *
You fail to use your ability.
The tengu warrior misses you.
The tengu warrior pecks you but does no damage.
The tengu warrior barely misses you.
Lugonu's Hand of Corruption reaches out!
A shadow comes into view.
The orc knight unwields a +0 arbalest.
The orc knight wields a +0 great sword.
The orc knight hits the anaconda zombie with a +0 great sword!!
The tengu warrior hits you with a +0 dire flail!
* * * LOW HITPOINT WARNING * * *
The tengu warrior pecks you.
* * * LOW HITPOINT WARNING * * *
The tengu warrior claws you.
You die...

..............#####
.................W.
...............5..
................b.
<############..#X. .#
#....#
.############..#.#
..........#D..##.##.#
..........X.4X.5@Qo.#
##########.bX.W..ZF..#
##.W#...4.5...#
###...R##..##. #..5.#
.#W. #3##.# # ##
.....z .#. .##


You could see an orc knight, a tengu warrior, a shadow (wandering), a neutral
bone dragon (summoned), a neutral tentacled starspawn (summoned), a neutral
rakshasa (summoned), a neutral flayed ghost (summoned), a neutral thrashing
horror (summoned), 2 neutral large abominations, a neutral phantasmal warrior
(summoned, wandering), a neutral rust devil (summoned), a neutral freezing
wraith (summoned), a neutral smoke demon (summoned), a neutral blink frog
(summoned), a neutral chaos spawn (summoned), 2 neutral fire bats, a neutral
flying skull (summoned, wandering), a neutral quasit (summoned), 3 neutral
ufetubi and a neutral anaconda zombie (summoned).

Vanquished Creatures
  A cyclops (D:11)
  An ugly thing (D:10)
  5 gargoyles (D:8)
  A vampire (D:10)
  15 yaks
  Grum (D:10)
  A warg (D:8)
  4 orc warriors
  3 ice beasts
  3 sky beasts
  6 ogres
  3 black bears
  A necrophage (D:7)
  2 wolves (D:9)
  6 centaurs
  A kobold brigand (D:10)
  4 phantoms
  Blork the orc (D:4)
  6 bullfrogs
  A wyvern zombie (D:10)
  6 scorpions
  9 killer bees
  13 wights
  4 howler monkeys
  2 jellies
  2 electric eels (D:11)
  A bullfrog zombie (D:6)
  2 quasits
  6 hounds
  A gnoll shaman (D:8)
  3 orc priests
  3 centaur skeletons
  2 iguanas
  8 orc wizards
  2 worker ants
  A hound zombie (D:5)
  A hound skeleton (D:7)
  9 gnolls
  2 worker ant zombies
  15 adders
  A shadow imp (D:9)
  3 white imps
  An ooze (D:2)
  2 adder zombies
  5 adder skeletons
  2 worms (D:2)
  7 leopard geckos
  35 orcs
  10 giant cockroaches
  10 goblins
  3 hobgoblins (D:2)
  8 jackals (D:2)
  3 quokkas
  A ball python (D:4)
  8 bats
  4 frilled lizards
  4 kobolds
  A leopard gecko zombie (D:5)
  A quokka zombie (D:6)
  10 rats (D:2)
277 creatures vanquished.

Vanquished Creatures (others)
  A human (D:3)
1 creature vanquished.

Grand Total: 278 creatures vanquished

Notes
Turn   | Place    | Note
-------+----------+-------------------------------------------
     0 | Abyss:1  | Lanoc the Vine Stalker Abyssal Knight began the quest for
                  | the Orb.
     0 | Abyss:1  | Reached XP level 1. HP: 11/11 MP: 3/3
    33 | Abyss:1  | Found a corrupted altar of Lugonu.
    69 | Abyss:1  | Noticed a thrashing horror
    72 | D:1      | Escaped the Abyss
   346 | D:1      | Reached skill level 2 in Polearms
   365 | D:1      | Reached skill level 1 in Dodging
   365 | D:1      | Reached XP level 2. HP: 5/16 MP: 2/4
   617 | D:1      | Reached * piety under Lugonu
   746 | D:2      | Reached XP level 3. HP: 6/19 MP: 5/5
   976 | D:2      | Found a shimmering altar of Xom.
  1218 | D:2      | Reached ** piety under Lugonu
  1230 | D:2      | Gained mutation: Your natural rate of healing is unusually
                  | fast. [Vine Stalker growth]
  1230 | D:2      | Reached XP level 4. HP: 10/24 MP: 4/6
  1565 | D:3      | Found an ancient bone altar of Kikubaaqudgha.
  1567 | D:3      | Noticed a human
  1569 | D:3      | Killed a human
  2026 | D:3      | You fall into a shaft and drop 2 floors!
  2026 | D:5      | Entered Level 5 of the Dungeon
  2086 | D:5      | Reached skill level 3 in Polearms
  2086 | D:5      | Reached XP level 5. HP: 7/28 MP: 4/8
  2159 | D:5      | Noticed a centaur
  2179 | D:5      | Killed a centaur
  2201 | D:5      | Reached XP level 6. HP: 30/32 MP: 7/9
  2312 | D:4      | Found a staircase to the Ecumenical Temple.
  2335 | Temple   | Entered the Ecumenical Temple
  2399 | D:4      | Found a broken altar of Ashenzari.
  2424 | D:4      | Reached skill level 4 in Polearms
  2474 | D:4      | Noticed Blork the orc
  2493 | D:4      | Killed Blork the orc
  2494 | D:4      | Reached XP level 7. HP: 12/37 MP: 3/10
  3069 | D:3      | Found an ancient bone altar of Kikubaaqudgha.
  3072 | D:3      | Found a blossoming altar of Fedhas.
  3725 | D:5      | Reached *** piety under Lugonu
  3726 | D:5      | Reached skill level 5 in Polearms
  3801 | D:5      | Found an opulent altar of Gozag.
  3834 | D:5      | Found a glowing silver altar of Zin.
  3865 | D:5      | Found an iron altar of Okawaru.
  4088 | D:5      | Gained mutation: You have razor-sharp teeth. [Vine Stalker
                  | growth]
  4088 | D:5      | Reached XP level 8. HP: 40/42 MP: 10/12
  4556 | D:6      | Found Meah's Armour Boutique.
  4574 | D:6      | Reached skill level 6 in Polearms
  4630 | D:6      | Noticed Maggie
  4639 | D:6      | Banished Maggie
  4640 | D:6      | Reached skill level 5 in Fighting
  4640 | D:6      | Reached skill level 5 in Invocations
  4644 | D:6      | Reached XP level 9. HP: 17/47 MP: 1/13
  4828 | D:6      | Found a sparkling altar of Nemelex Xobeh.
  4834 | D:6      | Found a basalt altar of Yredelemnul.
  5385 | D:6      | Reached skill level 7 in Polearms
  5643 | D:7      | Reached skill level 5 in Dodging
  5696 | D:7      | Reached skill level 8 in Polearms
  5697 | D:7      | Reached **** piety under Lugonu
  6018 | D:7      | Reached XP level 10. HP: 53/53 MP: 15/15
  7172 | D:8      | Noticed a gargoyle
  7176 | D:8      | Noticed a gargoyle
  7354 | D:9      | Reached skill level 9 in Polearms
  7509 | D:9      | Found a basalt altar of Yredelemnul.
  7747 | D:9      | Found a runed translucent gate.
  7747 | D:9      | Found a runed translucent gate.
  7747 | D:9      | Found a runed translucent gate.
  7747 | D:9      | Noticed p0werm0de's ghost (novice GrFi)
  7747 | D:9      | Noticed a spectral centaur warrior
  7747 | D:9      | Noticed a spectral centaur warrior
  7747 | D:9      | Noticed a spectral centaur warrior
  8394 | D:8      | Killed a gargoyle
  8399 | D:8      | Killed a gargoyle
  8465 | D:8      | Noticed a gargoyle
  8472 | D:8      | Killed a gargoyle
  8473 | D:8      | Reached XP level 11. HP: 30/58 MP: 14/17
  8777 | D:8      | Noticed Gonzollydolly's ghost (novice HONe)
  8778 | D:8      | Found a runed translucent gate.
  8778 | D:8      | Found a runed translucent gate.
  8778 | D:8      | Identified the +5 trident of the Pyrrhic Victory {flame,
                  | rElec rC+}
  8778 | D:8      | Identified the +3 plate armour of Shielding {+Inv rCorr}
  8779 | D:8      | Found a runed translucent gate.
  9022 | D:8      | Reached ***** piety under Lugonu
  9235 | D:8      | Reached skill level 10 in Polearms
  9414 | D:10     | Entered Level 10 of the Dungeon
  9531 | D:10     | Identified the +1 spear of Senaesue {freeze, Str+4}
  9710 | D:10     | Noticed Grum
  9723 | D:10     | Killed Grum
  9907 | D:10     | Found a staircase to the Lair.
  9907 | D:10     | Noticed an oklob plant
 10611 | D:11     | Noticed a boulder beetle
 10736 | D:11     | Banished a boulder beetle
 10833 | D:11     | Noticed a deep troll
 10982 | D:11     | Noticed a cyan ugly thing
 10983 | D:11     | Noticed a cyclops
 11000 | D:10     | Killed a cyan ugly thing
 11116 | D:11     | Killed a cyclops
 11144 | D:11     | Noticed an orc knight
 11146 | D:11     | Noticed a tengu warrior
 11162 | D:11     | Corrupted D:11
 11162 | D:11     | Noticed a phantasmal warrior
 11162 | D:11     | Noticed a thrashing horror
 11162 | D:11     | Noticed a bone dragon
 11162 | D:11     | Noticed a flayed ghost
 11162 | D:11     | Noticed a rakshasa
 11162 | D:11     | HP: 3/60 [tengu warrior/+0 dire flail (2)]
 11162 | D:11     | Slain by a tengu warrior

Illustrated notes

Levels and vault maps discovered:
D:1:      noname_arrival_rooms_in_the_neighbourhood, layout_rooms,
          minmay_door_square
D:2:      layout_loops_ring, general_overflow_altar, minmay_rat_gold_closets
D:3:      layout_loops_corners, grunt_temple_overflow_growth_and_decay,
          tgw_kikubaaqudgha
D:4:      layout_rooms, nicolae_ashenzari_skybound,
          minmay_temple_entry_junction_2, uniq_blork_the_orc
D:5:      layout_basic, pdpol_temple_overflow_zin_treasury_gozag_greed,
          kennysheep_little_box
D:6:      layout_loops_ring, minitemple, serial_shops, shop,
          minmay_diced_spiral, uniq_maggie
D:7:      layout_basic
D:8:      cheibrodos_statue_roulette, layout_basic, biasface_ghost_orc_armoury,
          amcnicky_mini_pool_small
D:9:      layout_roguey, gammafunk_ghost_necromancy, basic_altar
D:10:     layout_cave_pods, dpeg_oklobed_lair, uniq_grum
D:11:     minmay_cornered_nines, layout_long_grid,
          hangedman_abyss_or_decor_jellyfish_corner, kennysheep_island_fort
Temple:   dshaligram_water_room_temple

Skill      XL: |  1  2  3  4  5  6  7  8  9 10 11 |
---------------+----------------------------------+-----
Polearms       | 2 3 4 5 6 8 9 10 | 10.9
Dodging        | 1 2 3 4 5 6 7 |  7.0
Invocations    | 2 3 4 5 6 7 8 |  8.5
Fighting       | 3 4 5 6 7 8 |  8.2
Armour         | |  1.5

Action                   |  1- 3 |  4- 6 |  7- 9 | 10-12 || total
-------------------------+-------+-------+-------+-------++-------
Melee: Spear             |   141 |   163 |   492 |   301 ||  1097
       Bite              |    25 |    50 |   164 |   196 ||   435
       Glaive            |       |       |       |   186 ||   186
       Trident           |       |       |       |   234 ||   234
Invok: Depart the Abyss  |     1 |       |       |       ||     1
       Banish            |       |       |     1 |     1 ||     2
       Bend Space        |       |       |       |     1 ||     1
       Corrupt           |       |       |       |     1 ||     1
Evoke: Wand              |       |       |     1 |       ||     1
  Use: Scroll            |       |     5 |     4 |     4 ||    13
       Potion            |       |       |     1 |     2 ||     3
 Stab: Sleeping          |     6 |     1 |     3 |       ||    10
Armor: Leather armour    |    21 |    27 |    39 |    77 ||   164
Dodge: Dodged            |    65 |    81 |   195 |   365 ||   706
       Repelled          |       |       |       |     4 ||     4
Block: Other             |       |       |    37 |   149 ||   186
       Reflection        |       |       |       |     8 ||     8

Table legend: (Time is in decaauts)
 A = Elapsed time spent in this place.
 B = Non-inter-level travel time spent in this place.
 C = Inter-level travel time spent in this place.
 D = Time resting spent in this place.
 E = Time spent auto-exploring this place.
 F = Levels seen in this place.
 G = Mean time per level.
                   A        B        C        D        E       F      G
               +--------+--------+--------+--------+--------+-----+--------+
         Total |  10959 |  10501 |    458 |    276 |   7567 |  13 |  843.0 |
       Dungeon |  10885 |  10427 |    458 |    276 |   7516 |  11 |  989.5 |
        Temple |      1 |      1 |      0 |      0 |      0 |   1 |    1.0 |
         Abyss |     72 |     72 |      0 |      0 |     51 |   1 |   72.0 |
               +--------+--------+--------+--------+--------+-----+--------+

Top non-repeatable levels by time:
     D:8: 1938 daAuts
    D:10: 1242 daAuts
     D:5: 1189 daAuts
     D:9: 1067 daAuts
     D:3: 991 daAuts
     D:7: 952 daAuts
     D:6: 885 daAuts
     D:4: 811 daAuts
     D:2: 801 daAuts
     D:1: 557 daAuts
    D:11: 450 daAuts
 Abyss:1: 72 daAuts
  Temple: 1 daAuts
